 Dungeon Crawl Stone Soup version 0.26.1-10-gdfb7c7de75 (webtiles) character file.

Game seed: 14179116830510147498

120936 raph the Earth Mage (level 16, -7/93 HPs)
             Began as a Deep Elf Earth Elementalist on Apr 3, 2021.
             Was the Champion of Ashenzari.
             Splashed by an oklob plant's acid (14 damage)
             ... on level 6 of the Lair of Beasts.
             The game lasted 01:47:00 (49921 turns).

raph the Earth Mage (Deep Elf Earth Elementalist)  Turns: 49921, Time: 01:47:00

Health: -7/93      AC: 10    Str:  5    XL:     16   Next: 31%
Magic:  21/45      EV: 23    Int: 28    God:    Ashenzari [******]
Gold:   845        SH:  9    Dex: 18    Spells: 6/43 levels left

rFire    . . .     SeeInvis +   a - +8 scimitar (curse)
rCold    . . .     Faith    +   p - +3 buckler (curse)
rNeg     + . .     Spirit   .   x - +3 leather armour {rN+} (curse)
rPois    .         Reflect  .   f - +2 helmet (curse)
rElec    .         Harm     .   R - +2 cloak {Stlth+} (curse)
rCorr    .         Rampage  .   i - +1 pair of gloves (curse)
Will     +....     Clarity  +   T - +1 pair of boots (curse)
Stlth    +++++.....             q - amulet of faith (curse)
HPRegen  0.25/turn              l - +4 ring of protection (curse)
MPRegen  0.29/turn              K - ring "Unushucy" {Wiz MP+9 Dex+3} (curse)

@: corroded
A: no striking features
a: Renounce Religion, Curse Item, Scrying, Transfer Knowledge


You were on level 6 of the Lair of Beasts.
You worshipped Ashenzari.
Ashenzari was exalted by your worship.
You visited 3 branches of the dungeon, and saw 23 of its levels.
You also visited: Bailey and Gauntlet.

You collected 2795 gold pieces.
You spent 1950 gold pieces at shops.

Inventory:

Hand Weapons
 a - a cursed +8 scimitar (weapon)
 Q - a +1 scimitar of holy wrath
Missiles
 b - 426 stones
Armour
 f - a cursed +2 helmet (worn)
 i - a cursed +1 pair of gloves (worn)
 p - a cursed +3 buckler (worn)
 x - a cursed +3 leather armour of positive energy (worn)
 R - a cursed +2 cloak of stealth (worn)
 T - a cursed +1 pair of boots (worn)
Jewellery
 l - a cursed +4 ring of protection (left hand)
 q - a cursed amulet of faith (around neck)
 y - an uncursed ring of resist corrosion
 B - an uncursed ring of flight
 K - the cursed ring "Unushucy" (right hand) {Wiz MP+9 Dex+3}
   (You acquired it on level 2 of the Lair of Beasts)

   [ring of wizardry]

   It improves your spell success rate.
   It affects your dexterity (+3).
   It affects your magic capacity (+9).
   It has a curse placed upon it.
 L - a cursed amulet of regeneration
 M - the ring "Bosiett" {rElec rF+ rC++ Dex-3 SInv}
   (You found it in a Gauntlet)

   [ring of protection from fire]

   It affects your dexterity (-3).
   It protects you from fire.
   It greatly protects you from cold.
   It insulates you from electricity.
   It lets you see invisible.
Wands
 c - a wand of digging (13)
 d - a wand of acid (7)
 r - a wand of flame (22)
 F - a wand of paralysis (4)
 G - a wand of polymorph (28)
 H - a wand of iceblast (8)
Scrolls
 e - 9 scrolls of magic mapping
 g - 5 scrolls of fog
 k - 5 scrolls of teleportation
 n - 3 scrolls of fear
 w - 4 scrolls of remove curse
 J - 10 scrolls of identify
Potions
 h - 3 potions of heal wounds
 j - a potion of mutation
 m - 2 potions of resistance
 o - a potion of curing
 s - 4 potions of attraction
 t - a potion of lignification
 u - 5 potions of cancellation
 v - 7 potions of haste
 A - a potion of magic
 E - 3 potions of brilliance
 I - a potion of flight
 O - 2 potions of might
 P - 2 potions of ambrosia
Miscellaneous
 z - a lightning rod (4/4)
 C - a phial of floods


   Skills:
 + Level 8.2 Fighting
 * Level 8.9(13.2) Long Blades
 - Level 7.3 Armour
 - Level 11.5(15.7) Dodging
 - Level 9.1(13.4) Stealth
 - Level 4.0(6.8) Shields
 * Level 14.2 Spellcasting
 + Level 3.5(7.5) Conjurations
 - Level 12.8(16.9) Necromancy
 - Level 1.1(3.7) Transmutations
 + Level 3.7(7.8) Fire Magic
 - Level 1.3(4.1) Ice Magic
 + Level 15.3(19.3) Earth Magic
 - Level 4.9(9.3) Evocations


You had 6 spell levels left.
You knew the following spells:

 Your Spells              Type           Power        Failure   Level
a - Sandblast             Erth           100%         0%          1
b - Passwall              Tmut/Erth      59%          1%          2
c - Stone Arrow           Conj/Erth      100%         1%          3
d - Lee's Rapid Deconstr  Erth           45%          1%          5
e - Summon Small Mammal   Summ           92%          1%          1
f - Sublimation of Blood  Necr           43%          0%          2
g - Vampiric Draining     Necr           43%          0%          3
h - Animate Dead          Necr           43%          1%          4
i - Agony                 Necr           86%          1%          5
j - Fireball              Conj/Fire      29%          1%          5
k - Blink                 Tloc           N/A          1%          2
l - Apportation           Tloc           46%          1%          1
m - Ozocubu's Armour      Ice            43%          1%          3

Your spell library contained the following spells:

 Spells                   Type           Power        Failure   Level
 Animate Skeleton         Necr           100%         0%          1
 Pain                     Necr           100%         0%          1
 Beastly Appendage        Tmut           80%          1%          1
 Corona                   Hex            25%          1%          1
 Foxfire                  Conj/Fire      100%         1%          1
 Freeze                   Ice            100%         1%          1
 Corpse Rot               Necr/Air       N/A          1%          2
 Wereblood                Tmut           40%          1%          2
 Conjure Flame            Conj/Fire      58%          1%          3
 Frozen Ramparts          Ice            86%          1%          3
 Ignite Poison            Fire/Tmut/Pois 42%          1%          3
 Inner Flame              Hex/Fire       43%          1%          3
 Mephitic Cloud           Conj/Pois/Air  36%          1%          3
 Spider Form              Tmut/Pois      16%          1%          3
 Hailstorm                Conj/Ice       51%          1%          4
 Petrify                  Tmut/Erth      71%          1%          4
 Sticky Flame             Conj/Fire      58%          1%          4
 Death Channel            Necr           43%          1%          6
 Statue Form              Tmut/Erth      47%          2%          6
 Confusing Touch          Hex            23%          3%          3
 Gell's Gravitas          Tloc           11%          3%          3
 Ice Form                 Ice/Tmut       42%          3%          4
 Simulacrum               Ice/Necr       34%          3%          6
 Irradiate                Conj/Tmut      25%          4%          5
 Summon Ice Beast         Ice/Summ       33%          6%          4
 Blade Hands              Tmut           20%          10%         5
 Cause Fear               Hex            11%          12%         4
 Summon Lightning Spire   Summ/Air       23%          12%         4
 Metabolic Englaciation   Hex/Ice        16%          16%         5
 Alistair's Intoxication  Tmut/Pois      21%          17%         5
 Yara's Violent Unravell  Hex/Tmut       16%          17%         5
 Silence                  Hex/Air        11%          32%         5
 Conjure Ball Lightning   Conj/Air       21%          38%         6
 Hydra Form               Tmut           20%          45%         6
 Eringya's Noxious Bog    Tmut/Pois      16%          65%         6
 Dragon Form              Tmut           20%          94%         7
 Discord                  Hex            11%          100%        8
 Tornado                  Air            11%          100%        9


Dungeon Overview and Level Annotations

Branches:
Dungeon (15/15)            Temple (0/1) D:5            Lair (6/6) D:11
  Swamp (0/4) Lair:3       Spider (0/4) Lair:3        Slime (0/5) Lair:6
    Orc (2/2) D:10            Elf (0/3) Orc:2        Vaults (0/5) D:14
 Depths (0/5) D:15         Bailey (visited)         Gauntlet (visited)

Altars:
Ashenzari
Dithmenos
Elyvilon
Fedhas
Gozag
Hepliaklqana
Kikubaaqudgha
Makhleb
Sif Muna
Trog
Wu Jian
Xom
Yredelemnul
Jiyva

Shops:
D:4 [   D:11 ?   Orc:1 (*(}=   Orc:2 *}!*

Annotations:
D:7 2 transporters, Darold's ghost, novice HOMo
D:8 2 transporters, Fluff's ghost, novice DrFi
D:12 1 runed translucent door, Dustman's ghost, journeyman OgEE
Lair:3 3 runed translucent doors, Nov Tar's ghost, journeyman DrCj
Lair:6 1 runed translucent door, exclusion: 3 oklob plants


Message History

The oklob plant spits acid at you. The splash of acid hits you.
The acid corrodes you!
You are splashed with acid!
Casting: Fireball (dangerous; 1% risk of failure)
Confirm with . or Enter, or press ? or * to list all spells.
Aiming: Fireball (dangerous; 1% risk of failure)
Press: ? - help, Shift-Dir - straight line, p - oklob plant The fireball explodes!
The fireball engulfs the oklob plant!
The oklob plant is heavily damaged.
The fireball engulfs the oklob plant!!
The oklob plant is moderately damaged.
The oklob plant spits acid at you. The splash of acid hits you!!
The acid corrodes you!
You are splashed with acid!
* * * LOW HITPOINT WARNING * * *
Okay, then.
The oklob plant spits acid at you. The splash of acid hits you!
* * * LOW HITPOINT WARNING * * *
The acid corrodes you!
You are splashed with acid!
You die...

####### #)?)..# * #..[P|# #*# ***
* *** * #.)?..########.#.#***,
,,, ***#P/P.)#....#.#.... , , , ,
, #[$.$.#..(........, , , , ,
..#.....#........... , ,,
,,,........@.....##### ,, , , **
,.........###..##****,**, ,* ,
.......#####...# ,.. , **
,....#....##...##...., * * **
,..#......###..#....., * , ..
......#.....##....# , ...#.
,.##......#......##...##### #.#..
#.##.....##....##.#.#.#..###....
+#.#.P.....#.P.#.............<...


You could see 3 oklob plants.

Vanquished Creatures
  A war gargoyle (D:13)
  Nessos (Lair:6)
  An ettin (Orc:1)
  A minotaur (Gauntlet)
  2 ogre magi
  11 hydras
  3 catoblepae
  4 centaur warriors
  A death knight (D:12)
  3 boulder beetles
  2 tengu warriors (D:14)
  5 two-headed ogres
  11 death yaks
  Urug (Orc:2)
  5 orc high priests (Orc:2)
  Nergalle (Lair:1)
  6 unseen horrors
  7 skeletal warriors
  A wizard (D:15)
  A deep elf archer (D:14)
  3 bog bodies (Lair:3)
  Pikel (D:5)
  A phantasmal warrior (D:13)
  3 harpies (D:12)
  2 orc sorcerers
  10 orc knights
  7 deep elf magi
  4 cyclopes
  An oklob plant (Lair:6)
  An orb spider (Lair:3)
  11 ugly things
  An elephant (shapeshifter) (D:15)
  A naga mage (D:15)
  A moth of wrath (Gauntlet)
  3 torpor snails
  2 molten gargoyles (D:14)
  5 black mambas
  Maggie (Lair:1)
  7 cane toads
  6 centaur skeletons
  11 gargoyles
  3 rime drakes
  2 kobold demonologists
  2 freezing wraiths (D:13)
  A tengu conjurer (D:14)
  13 komodo dragons
  3 yaktaurs (D:14)
  4 trolls
  3 meliai
  2 hornets
  3 polar bears
  28 blink frogs
  5 slime creatures
  7 dream sheep
  Sigmund (D:4)
  A centaur simulacrum (D:13)
  3 vampires
  61 yaks
  A shadow (D:15)
  8 wyverns
  Eustachio (D:5)
  5 wraiths
  7 basilisks
  11 vampire mosquitoes
  A swamp worm (Lair:3)
  14 water moccasins
  2 acid dragons
  Menkaure (D:5)
  An eye of draining (D:13)
  44 orc warriors
  5 black bears
  6 ice beasts
  4 sky beasts
  14 ogres
  2 phantoms
  26 wolves
  A lemure (D:5)
  9 centaurs
  5 big kobolds
  2 wyvern zombies
  17 bullfrogs
  A gnoll sergeant (D:10)
  A wyvern skeleton (D:13)
  3 scorpions
  2 water moccasin skeletons
  11 killer bees
  9 wights
  7 electric eels
  7 howler monkeys
  A centaur zombie (D:7)
  2 bullfrog zombies
  A lava snake (D:14)
  8 hounds
  36 orc priests
  A jelly (D:15)
  2 quasits
  A bullfrog skeleton (D:9)
  29 orc wizards
  Crazy Yiuf (D:3)
  8 worker ants
  3 iguanas
  5 hell rats (Lair:5)
  A killer bee zombie (D:5)
  2 hound skeletons
  Robin (D:4)
  A howler monkey zombie (D:5)
  4 gnolls
  15 adders
  3 shadow imps
  2 white imps
  An ufetubus (D:9)
  An adder zombie (D:9)
  2 adder skeletons
  3 worms
  2 dart slugs (D:2)
  2 leopard geckos
  124 orcs
  3 ball pythons
  6 bats
  5 giant cockroaches
  19 goblins
  17 hobgoblins
  9 jackals
  3 quokkas
  6 frilled lizards
  2 gnoll zombies (D:2)
  39 kobolds
  3 rats (D:2)
  2 bushes (D:15)
896 creatures vanquished.

Vanquished Creatures (collateral kills)
  A lindwurm (Lair:6)
  An ugly thing (D:15)
  A cane toad (Lair:4)
  A yak (Lair:1)
  An orc warrior (Orc:2)
  A hound (D:9)
  An orc priest (Orc:2)
  2 orcs (D:10)
9 creatures vanquished.

Vanquished Creatures (others)
  66 fungi
  129 plants
  A withered plant (D:12)
196 creatures vanquished.

Grand Total: 1101 creatures vanquished

Notes
Turn   | Place    | Note
-------+----------+-------------------------------------------
     0 | D:1      | raph the Deep Elf Earth Elementalist began the quest for
                  | the Orb.
     0 | D:1      | Reached XP level 1. HP: 10/10 MP: 6/6
   204 | D:1      | Reached XP level 2. HP: 13/15 MP: 4/8
  1160 | D:2      | Reached XP level 3. HP: 19/19 MP: 6/9
  1349 | D:2      | Reached skill level 4 in Earth Magic
  1405 | D:2      | Learned a level 2 spell: Passwall
  1409 | D:2      | Learned a level 3 spell: Stone Arrow
  2135 | D:2      | Found a basalt altar of Yredelemnul.
  2353 | D:3      | Reached skill level 5 in Earth Magic
  2353 | D:3      | Reached XP level 4. HP: 24/24 MP: 2/11
  2833 | D:3      | Found a shadowy altar of Dithmenos.
  3038 | D:3      | Found a runed translucent door.
  3039 | D:3      | Noticed Crazy Yiuf
  3049 | D:3      | Killed Crazy Yiuf
  3050 | D:3      | Reached XP level 5. HP: 28/28 MP: 3/12
  3238 | D:2      | Reached skill level 6 in Earth Magic
  3954 | D:4      | Noticed Sigmund
  4461 | D:4      | Noticed an ogre
  4476 | D:4      | Killed an ogre
  4477 | D:4      | Reached skill level 7 in Earth Magic
  4477 | D:4      | Reached XP level 6. HP: 32/32 MP: 8/13
  4483 | D:4      | Learned a level 5 spell: Lee's Rapid Deconstruction
  4553 | D:4      | Found Hafrom's Antique Armour Shop.
  4627 | D:4      | Found a broken altar of Ashenzari.
  4647 | D:4      | Became a worshipper of Ashenzari the Shackled
  4715 | D:4      | Noticed Robin
  4732 | D:4      | Killed Robin
  4896 | D:4      | Killed Sigmund
  4897 | D:4      | Reached skill level 1 in Shields
  4897 | D:4      | Reached skill level 8 in Earth Magic
  4897 | D:4      | Reached XP level 7. HP: 25/36 MP: 9/14
  5183 | D:4      | Found a hazy altar of Hepliaklqana.
  5411 | D:4      | Found a shimmering blue altar of Sif Muna.
  5583 | D:5      | Entered Level 5 of the Dungeon
  5814 | D:5      | Reached * piety under Ashenzari
  5948 | D:5      | Noticed Menkaure
  5951 | D:5      | Killed Menkaure
  5952 | D:5      | Reached skill level 9 in Earth Magic
  5982 | D:5      | Reached XP level 8. HP: 41/41 MP: 11/15
  6134 | D:5      | Learned a level 1 spell: Summon Small Mammal
  6458 | D:5      | Noticed Eustachio
  6486 | D:5      | Killed Eustachio
  6594 | D:5      | Found a staircase to the Ecumenical Temple.
  6625 | D:5      | Noticed Pikel
  6641 | D:5      | Killed Pikel
  6642 | D:5      | Reached skill level 11 in Earth Magic
  6815 | D:5      | Found a burning altar of Makhleb.
  6815 | D:5      | Noticed a green death
  6819 | D:5      | Noticed an orange demon
  6819 | D:5      | Noticed a hellwing
  7186 | D:6      | Reached XP level 9. HP: 41/45 MP: 0/16
  7426 | D:6      | Reached ** piety under Ashenzari
  7809 | D:7      | Reached skill level 12 in Earth Magic
  7915 | D:7      | Learned a level 1 spell: Animate Skeleton
  7942 | D:7      | Found a transporter.
  7954 | D:7      | Found a transporter.
  7957 | D:7      | Noticed Darold's ghost (novice HOMo)
  8183 | D:7      | Reached skill level 1 in Fighting
  8183 | D:7      | Reached skill level 1 in Armour
  9010 | D:8      | Reached skill level 5 in Spellcasting
  9189 | D:8      | Found a shimmering altar of Xom.
  9191 | D:8      | Found a shimmering altar of Xom.
  9192 | D:8      | Found a shimmering altar of Xom.
  9328 | D:8      | Learned a level 3 spell: Vampiric Draining
  9347 | D:8      | Found a transporter.
  9461 | D:8      | Reached skill level 1 in Necromancy
  9690 | D:8      | Found a transporter.
  9850 | D:8      | Noticed Fluff's ghost (novice DrFi)
  9910 | D:8      | Found an opulent altar of Gozag.
  9953 | D:8      | Reached *** piety under Ashenzari
 10003 | D:8      | Found an ancient bone altar of Kikubaaqudgha.
 10004 | D:8      | Found a white marble altar of Elyvilon.
 10171 | D:8      | Reached skill level 5 in Stealth
 10312 | D:9      | Noticed a centaur warrior
 10318 | D:9      | Killed a centaur warrior
 10319 | D:9      | Reached XP level 10. HP: 46/54 MP: 3/20
 10511 | D:9      | Found a blossoming altar of Fedhas.
 11252 | D:9      | Found a bloodstained altar of Trog.
 11494 | D:9      | Found an ornate altar of the Wu Jian Council.
 11766 | D:10     | Entered Level 10 of the Dungeon
 11915 | D:10     | Found a flagged portal.
 11923 | Bailey   | Entered a bailey
 12062 | Bailey   | Noticed an orc knight
 12075 | Bailey   | Reached skill level 5 in Necromancy
 12296 | Bailey   | Learned a level 4 spell: Animate Dead
 12549 | Bailey   | Killed an orc knight
 14920 | D:10     | Found a staircase to the Orcish Mines.
 14928 | D:10     | Reached XP level 11. HP: 59/60 MP: 20/23
 15432 | D:10     | Noticed a catoblepas
 15593 | D:10     | Killed a catoblepas
 15594 | D:10     | Reached skill level 13 in Earth Magic
 15795 | D:10     | Learned a level 5 spell: Agony
 16291 | D:10     | Noticed a red ugly thing
 16298 | D:10     | Killed a red ugly thing
 16550 | D:10     | Identified the cursed +0 leather armour of Servitude {Harm
                  | rF+ Dex+4}
 16713 | D:10     | Reached **** piety under Ashenzari
 16790 | D:11     | Noticed an unseen horror
 16843 | D:11     | Noticed an unseen horror
 16918 | D:10     | Killed an unseen horror
 17362 | D:10     | Killed an unseen horror
 18047 | D:11     | Noticed a green ugly thing
 18070 | D:11     | Killed a green ugly thing
 18369 | D:11     | Found a staircase to the Lair.
 18589 | D:11     | Found Xeash's Magic Scroll Boutique.
 19700 | Lair:1   | Entered Level 1 of the Lair of Beasts
 19732 | Lair:1   | Noticed a seven-headed hydra
 19737 | Lair:1   | Killed a seven-headed hydra
 19740 | Lair:1   | Noticed Nergalle
 19851 | Lair:1   | Noticed a spectral orc warlord
 19866 | Lair:1   | Killed Nergalle
 20137 | Lair:1   | Noticed a six-headed hydra
 20147 | Lair:1   | Killed a six-headed hydra
 20148 | Lair:1   | Reached skill level 5 in Fighting
 20148 | Lair:1   | Reached XP level 12. HP: 68/68 MP: 10/26
 20344 | Lair:1   | Reached skill level 5 in Armour
 20401 | Lair:1   | Noticed an eight-headed hydra
 20440 | Lair:1   | Killed an eight-headed hydra
 20637 | Lair:1   | Reached skill level 5 in Dodging
 20839 | Lair:1   | Reached ***** piety under Ashenzari
 21046 | Lair:1   | Noticed Maggie
 21058 | Lair:1   | Killed Maggie
 21333 | Lair:1   | Reached skill level 10 in Necromancy
 21679 | Lair:2   | Noticed a five-headed hydra
 23037 | Lair:2   | Noticed a seven-headed hydra
 23052 | Lair:1   | Killed a seven-headed hydra
 24101 | Lair:1   | Learned a level 4 spell: Petrify
 24195 | Lair:2   | Killed a five-headed hydra
 24196 | Lair:2   | Reached skill level 10 in Spellcasting
 24196 | Lair:2   | Reached XP level 13. HP: 74/74 MP: 12/29
 24723 | Lair:2   | Identified a scroll of acquirement
 24723 | Lair:2   | Acquired the cursed ring "Unushucy" {Wiz MP+9 Dex+3}
 24852 | Lair:2   | Acquired a book of Transfigurations
 24935 | Lair:2   | Identified the Volume of Spatial Evil
 24940 | Lair:2   | Learned a level 2 spell: Blink
 25147 | Lair:2   | Identified the +0 robe of Wariness {rC+ Will++}
 25529 | Lair:3   | Reached skill level 1 in Long Blades
 25529 | Lair:3   | Reached skill level 14 in Earth Magic
 26523 | Lair:3   | Found a hole to the Spider Nest.
 27079 | Lair:3   | Found a runed translucent gate.
 27079 | Lair:3   | Found a runed translucent gate.
 27080 | Lair:3   | Found a runed translucent gate.
 27209 | Lair:3   | Found a staircase to the Swamp.
 27493 | Lair:3   | Identified the ring of Ixyolikh {Fire Str+5 Dex-4 Stlth+}
 27493 | Lair:3   | Noticed Nov Tar's ghost (journeyman DrCj)
 28503 | Lair:4   | Reached ****** piety under Ashenzari
 29741 | Lair:5   | Learned a level 2 spell: Sublimation of Blood
 30716 | Lair:5   | Reached XP level 14. HP: 80/80 MP: 28/31
 31115 | D:12     | Found a runed translucent door.
 31115 | D:12     | Found a shimmering altar of Xom.
 31115 | D:12     | Noticed Dustman's ghost (journeyman OgEE)
 31200 | D:12     | Found a gate leading to a gauntlet.
 31207 | Gauntlet | Entered a Gauntlet
 31207 | Gauntlet | Found a transporter.
 31207 | Gauntlet | Found a transporter.
 31207 | Gauntlet | Found a transporter.
 31220 | Gauntlet | Found a transporter.
 31226 | Gauntlet | Found a runed translucent gate.
 31226 | Gauntlet | Found a runed translucent gate.
 31226 | Gauntlet | Found a runed translucent gate.
 31228 | Gauntlet | Found a transporter.
 31231 | Gauntlet | Found a transporter.
 31239 | Gauntlet | Found a transporter.
 31257 | Gauntlet | Found a transporter.
 31262 | Gauntlet | Found a transporter.
 31265 | Gauntlet | Found a transporter.
 31274 | Gauntlet | Found a transporter.
 31275 | Gauntlet | Found a transporter.
 31320 | Gauntlet | Identified the ring "Bosiett" {rElec rF+ rC++ Dex-3 SInv}
 31371 | Gauntlet | Learned a level 1 spell: Apportation
 31715 | Gauntlet | Reached skill level 1 in Evocations
 31970 | Gauntlet | Identified the ring of Nell {+Fly rElec rN+ Str+4 Int+4}
 31971 | Gauntlet | Identified the +1 rapier of the Reaper {vamp, rF++}
 32030 | Gauntlet | Identified the Guide on Poison and Sinister Magic
 32217 | Orc:1    | Entered Level 1 of the Orcish Mines
 32217 | Orc:1    | Found Paegg's Jewellery Shop.
 32584 | Orc:1    | Found Tasseox's Gadget Shoppe.
 32614 | Orc:1    | Found Ziajitam's Antique Weapon Shop.
 32667 | Orc:2    | Entered Level 2 of the Orcish Mines
 33055 | Orc:2    | Noticed Urug
 33067 | Orc:2    | Killed Urug
 33068 | Orc:2    | Reached skill level 10 in Dodging
 35055 | Orc:2    | Reached skill level 5 in Long Blades
 35694 | Orc:2    | Found Junulic's Assorted Antiques.
 35697 | Orc:2    | Found Efi Myxt's Assorted Antiques.
 35698 | Orc:2    | Found Urezy's Gadget Shop.
 35699 | Orc:2    | Found Pigialet's Distillery.
 35704 | Orc:2    | Bought a potion of magic for 96 gold pieces
 35704 | Orc:2    | Bought a potion of heal wounds for 60 gold pieces
 35704 | Orc:2    | Bought a potion of might for 48 gold pieces
 35706 | Orc:2    | Bought a lumpy emerald potion for 24 gold pieces
 35714 | Orc:2    | Bought a runed scimitar for 203 gold pieces
 35721 | Orc:2    | Bought 2 scrolls of enchant weapon for 405 gold pieces
 35970 | D:4      | Bought a glowing cloak for 217 gold pieces
 35970 | D:4      | Bought an embroidered cloak for 217 gold pieces
 36146 | D:11     | Bought a scroll of remove curse for 48 gold pieces
 36146 | D:11     | Bought a scroll of remove curse for 48 gold pieces
 36146 | D:11     | Bought a scroll of enchant weapon for 120 gold pieces
 36512 | Orc:2    | Found a staircase to the Elven Halls.
 37098 | Orc:1    | Found Tiweuvva's Assorted Antiques.
 37114 | Orc:1    | Bought a pair of glowing boots for 232 gold pieces
 37114 | Orc:1    | Bought a shiny helmet for 232 gold pieces
 37190 | Orc:1    | Found Memmev's Antique Weapon Emporium.
 37905 | D:12     | Learned a level 3 spell: Ozocubu's Armour
 39018 | D:12     | Reached skill level 1 in Ice Magic
 41389 | D:14     | Noticed a war gargoyle
 41400 | D:13     | Reached XP level 15. HP: 35/86 MP: 11/32
 43296 | D:14     | Found a gate to the Vaults.
 43913 | D:14     | Learned a level 5 spell: Fireball
 44223 | D:15     | Entered Level 15 of the Dungeon
 45114 | D:15     | Reached skill level 15 in Earth Magic
 45489 | D:15     | Reached skill level 1 in Fire Magic
 45545 | D:15     | Found a staircase to the Depths.
 45582 | D:15     | Reached skill level 1 in Conjurations
 47253 | Lair:6   | Entered Level 6 of the Lair of Beasts
 47253 | Lair:6   | Noticed Nessos
 47257 | Lair:6   | Killed Nessos
 47439 | Lair:6   | Found a runed translucent door.
 47439 | Lair:6   | Found a viscous altar of Jiyva.
 47439 | Lair:6   | Found a staircase to the Slime Pits.
 47452 | Lair:6   | Reached XP level 16. HP: 89/93 MP: 35/35
 49169 | Lair:6   | Identified the +7 scimitar of Evil {distort, rPois rF- rC+}
 49921 | Lair:6   | Splashed by an oklob plant's acid

Illustrated notes

Levels and vault maps discovered:
D:1:      elethiomel_arrival_infinity_welcomes_careful_drivers, layout_rooms
D:2:      layout_basic, lemuel_zombie_altar_yredelemnul,
          serial_co_window_serial, co_window_paths_a, co_window_paths_a,
          co_window_paths_a, co_window_paths_a, co_window_corner_a,
          co_window_broadway_c, co_window_corner_ca, co_window_broadway_c,
          glass_columns_b, glass_columns_a, glass_columns_c, glass_columns_b
D:3:      layout_basic, grunt_dithmenos_smoke_and_mirrors,
          uniq_crazy_yiuf_cottage
D:4:      layout_basic, lemuel_crystal_altar, overflow_temple_1_default,
          lemuel_doored_altar, serial_shops, shop, uniq_robin, uniq_sigmund
D:5:      layout_loops_ring, makhleb_altar_promises_db,
          minmay_temple_entry_grid, minmay_between, uniq_eustachio,
          uniq_menkaure, uniq_pikel
D:6:      layout_basic
D:7:      layout_cave_pools, gammafunk_ghost_stat_death
D:8:      minmay_flawed_box, layout_basic, gammafunk_temple_overflow_forgotten,
          xom_redecorated, gammafunk_ghost_abyssal_escape
D:9:      layout_rooms, marbit_many_paths, trog_ov_bears_minmay, fedhas_altar_3
D:10:     layout_basic, david_orc_4, enter_bailey_3
D:11:     layout_long_grid, lair_entry_dummy, serial_shops,
          nicolae_shop_window_shopping, corexii_hall_statues_s
D:12:     layout_layer_cave, ebering_ghost_xom, gauntlet_entry_generic,
          argonaut_gorgonesque
D:13:     layout_roguey [special_room_orc], hangedman_decor_opposing
D:14:     gargoyle_guard, layout_irregular_city,
          hangedman_vaults_entry_quadrant_bands, kennysheep_minor_cross,
          amcnicky_mini_pool_small
D:15:     grunt_enter_depths_magical_seal, layout_basic, serial_park_tiny_2
Lair:1:   layout_chaotic_city, minivault_27, minivault_25,
          nicolae_lair_grove_arrangements, beast_lair_carwin_5,
          serial_bayou_shore_a, uniq_nergalle, uniq_maggie
Lair:2:   layout_misc_corridors
Lair:3:   layout_long_grid, nicolae_swamp_entry_splash_gauntlet,
          nicolae_spider_entry_orb_guardian, gammafunk_ghost_icy,
          nzn_sisyphean_effort, serial_bayou_shore_b, serial_bayou_shore_b
Lair:4:   wander_river, layout_concentric_octagons, serial_forest,
          infiniplex_forest_lined_3, infiniplex_forest_end_double,
          infiniplex_forest_clump_tiny, infiniplex_forest_corner_2,
          infiniplex_forest_pool, infiniplex_forest_straight_3,
          infiniplex_forest_corner_2, infiniplex_forest_lined_1,
          infiniplex_forest_lined_3_way
Lair:5:   layout_cave_pods, serial_bayou_shore_b
Lair:6:   due_jungle_book, layout_regular_city, slime_altar_2,
          minmay_lair_oklob_chamber, uniq_nessos
Orc:1:    layout_caves, serial_shops, shop, nicolae_shop_behind_doors,
          nicolae_shop_statue_plus, shop, shop
Orc:2:    st_orc_pillars, layout_diamond_mine, uniq_urug

Skill      XL: |  1  2  3  4  5  6  7  8  9 10 11 12 13 14 15 16 |
---------------+-------------------------------------------------+-----
Stealth        | 3 5 6 8 9 |  9.1
Earth Magic    | 5 7 8 9 11 12 13 14 15 | 15.3
Shields        | 1 3 4 |  4.0
Spellcasting   | 5 7 8 10 11 13 14 | 14.2
Fighting       | 2 3 5 6 7 8 |  8.2
Armour         | 2 3 4 5 6 7 |  7.3
Necromancy     | 3 6 9 10 11 12 | 12.8
Dodging        | 4 7 9 11 | 11.5
Long Blades    | 4 6 8 |  8.9
Evocations     | 3 4 |  4.9
Ice Magic      | 1 |  1.3
Fire Magic     | 2 3 |  3.7
Conjurations   | 2 3 |  3.5
Transmutations | |  1.1

Action                   |  1- 3 |  4- 6 |  7- 9 | 10-12 | 13-15 | 16-18 || total
-------------------------+-------+-------+-------+-------+-------+-------++-------
Melee: Short sword       |    61 |    21 |    34 |       |       |       ||   116
       Rapier            |       |       |    28 |       |       |       ||    28
       Scimitar          |       |       |    20 |    92 |   203 |    66 ||   381
 Cast: Sandblast         |    57 |    59 |    84 |    93 |    11 |     2 ||   306
       Stone Arrow       |       |     3 |     5 |    63 |   236 |    27 ||   334
       Lee's Rapid Decon |       |       |    36 |   159 |   373 |    41 ||   609
       Animate Skeleton  |       |       |     7 |     2 |       |       ||     9
       Animate Dead      |       |       |       |    18 |    19 |     3 ||    40
       Vampiric Draining |       |       |       |    29 |    25 |     4 ||    58
       Agony             |       |       |       |     9 |    33 |     8 ||    50
       Passwall          |       |       |       |     1 |     6 |       ||     7
       Summon Small Mamm |       |       |       |     1 |     2 |       ||     3
       Blink             |       |       |       |       |    11 |     7 ||    18
       Petrify           |       |       |       |       |     3 |       ||     3
       Sublimation of Bl |       |       |       |       |     7 |       ||     7
       Fireball          |       |       |       |       |    17 |     9 ||    26
Invok: Curse Item        |       |     3 |     2 |       |     5 |       ||    10
 Abil: Evoke Flight      |       |       |       |     7 |       |       ||     7
       Stop Flying       |       |       |       |     1 |       |       ||     1
Evoke: Phial of floods   |       |       |       |     1 |       |       ||     1
       Wand              |       |       |       |       |     8 |       ||     8
  Use: Scroll            |       |    12 |     5 |     6 |    23 |     2 ||    48
       Potion            |       |       |       |     1 |     1 |       ||     2
 Stab: Sleeping          |     2 |     2 |     5 |     2 |     4 |       ||    15
       Distracted        |       |       |       |     1 |       |       ||     1
Armor: Robe              |    11 |    13 |       |       |       |       ||    24
       Leather armour    |       |     5 |    63 |   184 |   108 |    29 ||   389
Dodge: Dodged            |    58 |    26 |    75 |   222 |   319 |    82 ||   782
Block: Buckler           |       |     2 |    25 |   128 |   134 |    33 ||   322
       Rpst.: Scimitar   |       |       |     9 |    75 |    82 |    25 ||   191
